 Dungeon Crawl Stone Soup version 0.21.1 (webtiles) character file.

6213 Pixllover the Cleaver (level 10, -4/135 HPs)
             Began as a Minotaur Berserker on Feb 3, 2018.
             Was a High Priest of Trog.
             Slain by a two-headed ogre
             ... wielding a +0 giant club
              (22 damage)
             ... on level 9 of the Dungeon.
             The game lasted 00:20:12 (6756 turns).

Pixllover the Cleaver (Minotaur Berserker)          Turns: 6756, Time: 00:20:12

Health: -4/135     AC: 25    Str: 32    XL:     10   Next: 61%
Magic:  2/9        EV:  2    Int:  6    God:    Trog [*****.]
Gold:   339        SH:  0    Dex:  9    Spells: 9/9 levels left

rFire    . . .     SeeInvis .   t - +0 war axe
rCold    . . .     Gourm    .   (no shield)
rNeg     + + +     Faith    .   (armour currently unavailable)
rPois    +         Spirit   .   (helmet unavailable)
rElec    .         Reflect  .   (cloak currently unavailable)
rCorr    .         Harm     .   (gloves currently unavailable)
MR       .....     NoTele   +   (boots currently unavailable)
Stlth    ++........             h - amulet of regeneration
HPRegen  0.72/turn              p - +6 ring of strength
MPRegen  0.11/turn              (no ring)

@: tree-form, berserk cooldown
A: (retaliatory headbutt), clever 1, sense surroundings 1
a: Berserk, Trog's Hand, Brothers in Arms, Burn Spellbooks, Renounce Religion


You were on level 9 of the Dungeon.
You worshipped Trog.
Trog was extremely pleased with you.
You were not hungry.
You were a tree.
You visited 1 branch of the dungeon, and saw 9 of its levels.

You collected 449 gold pieces.
You spent 110 gold pieces at shops.

Inventory:

Hand Weapons
 l - a +1 quarterstaff of protection
 t - a +0 war axe (weapon)
 B - the +4 trident "Nuotiyci" {vamp, rC+ Dex+6}
   (You found it on level 7 of the Dungeon)

   It inflicts no extra harm, but heals its wielder when it wounds a living foe.
   It affects your dexterity (+6).
   It protects you from cold.
Missiles
 n - 5 tomahawks (quivered)
Armour
 d - a +1 pair of gloves (melded)
 j - a +0 pair of boots (melded)
 o - a +0 scale mail (melded)
Jewellery
 h - an amulet of regeneration (around neck)
 k - an uncursed ring of stealth
 p - a +6 ring of strength (left branch)
Wands
 v - a wand of paralysis (1)
 y - a wand of flame (39)
Scrolls
 a - a scroll of enchant weapon {unknown}
 b - 2 scrolls of magic mapping
 e - 5 scrolls of blinking
 g - 4 scrolls of remove curse
 m - 4 scrolls of teleportation
 u - a scroll of noise {unknown}
 C - 2 scrolls of identify
Potions
 f - 4 potions of curing
 i - a potion of flight {unknown}
 r - 4 potions of agility
 w - a potion of magic {unknown}
 x - 2 potions of berserk rage {unknown}
 z - 2 potions of haste
 A - a potion of ambrosia {unknown}
Comestibles
 c - 14 rations


   Skills:
 + Level 8.5 Fighting
 + Level 12.4 Axes
 + Level 5.1 Staves
 + Level 9.6 Armour
 + Level 6.0 Dodging
 + Level 2.4 Stealth


You had 9 spell levels left.
You didn't know any spells.

Dungeon Overview and Level Annotations

Branches:
Dungeon (9/15)             Temple (0/1) D:6
   Lair: D:8-11         Orc: D:9-12

Altars:
Elyvilon
Fedhas
Gozag
Nemelex Xobeh
Ru
Uskayaw
Xom
Zin

Shops:
D:4 %


Innate Abilities, Weirdness & Mutations

((You reflexively headbutt those who attack you in melee.))
((You have a pair of large horns on your head.))
Your mind is acute. (Int +2)
You passively map a small area around you.


Message History

The adder bites you but does no damage. The yak gores you but does no damage.
The yak gores you.
* * * LOW HITPOINT WARNING * * *
The two-headed ogre hits you with a giant club.
* * * LOW HITPOINT WARNING * * *
The two-headed ogre hits you but does no damage.
You slash the yak!
You kill the yak!
Trog accepts your kill.
Your Dodging skill increases to level 6!
You hit the yak but do no damage. You barely miss the adder.
You slash the two-headed ogre! The adder bites you.
* * * LOW HITPOINT WARNING * * *
The yak gores you but does no damage.
You hit the two-headed ogre.
The two-headed ogre is moderately wounded.
You closely miss the yak. You hit the adder.
The adder bites you but does no damage.
The two-headed ogre hits you with a giant club!!
You die...

,*### ,.... , *
, *#.# #.......
* ,+ #.#
#....... * ,,#.#
#......., * ,
_#.# #...... ,
##.#######......
, *
#.........G.#* ,
# #........OSY#
* ##
#...#####.♣†#
.######..)#
#...#
....?.....#
#...# ,
.#######..#
#.).# .# #..#
#...# ,, .# #..#
#...# * .# #..#
#...# * .# #..#
#...# .# #..#
#...# *


You could see a two-headed ogre, a yak, an eye of draining and an adder.

Vanquished Creatures
  2 two-headed ogres
  The ghost of Noxor the Thaumaturge, a journeyman DEEE of Ashenzari (D:9)
  A hippogriff (D:8)
  3 yaks (D:9)
  A wyvern (D:8)
  A hungry ghost (D:7)
  A water moccasin (D:8)
  A hornet zombie (D:9)
  3 orc warriors
  A phantom (D:7)
  2 ice beasts
  A sky beast (D:5)
  A black bear (D:7)
  4 ogres
  2 centaurs
  2 bullfrogs
  A scorpion (D:8)
  5 howler monkeys
  13 wights
  4 crimson imps
  4 bullfrog zombies
  3 hounds
  2 jellies (D:8)
  5 orc wizards
  A quasit (D:7)
  2 orc priests
  Ijyb (D:4)
  3 iguanas
  2 worker ants
  Robin (D:3)
  7 gnolls
  A howler monkey skeleton (D:8)
  8 adders
  2 shadow imps
  2 oozes
  2 dart slugs
  2 leopard geckos
  21 orcs
  5 giant cockroaches
  15 goblins
  11 hobgoblins
  3 quokkas
  A bat (D:1)
  7 frilled lizards
  A jackal skeleton (D:7)
  4 kobolds
  A leopard gecko skeleton (D:8)
  A quokka skeleton (D:4)
  5 rats
173 creatures vanquished.

Vanquished Creatures (others)
  A goblin (D:3)
1 creature vanquished.

Grand Total: 174 creatures vanquished

Notes
Turn   | Place    | Note
-------+----------+-------------------------------------------
     0 | D:1      | Pixllover the Minotaur Berserker began the quest for the Orb.
     0 | D:1      | Reached XP level 1. HP: 19/19 MP: 0/0
   347 | D:1      | Reached skill level 4 in Axes
   347 | D:1      | Reached XP level 2. HP: 27/27 MP: 1/1
  1038 | D:2      | Reached XP level 3. HP: 33/34 MP: 2/2
  1152 | D:2      | Found a hide-covered altar of Uskayaw.
  1363 | D:2      | Reached ** piety under Trog
  1937 | D:3      | Noticed Robin
  1953 | D:3      | Killed Robin
  1953 | D:3      | Reached XP level 4. HP: 28/41 MP: 3/3
  2118 | D:3      | Found a sparkling altar of Nemelex Xobeh.
  2168 | D:3      | Reached skill level 5 in Axes
  2272 | D:3      | Reached skill level 1 in Stealth
  2530 | D:4      | Reached XP level 5. HP: 47/47 MP: 4/4
  2543 | D:4      | Noticed an ogre
  2548 | D:4      | Killed an ogre
  2897 | D:4      | Found a white marble altar of Elyvilon.
  3091 | D:4      | Found Uniss's Food Emporium.
  3094 | D:4      | Bought a ration for 55 gold pieces
  3094 | D:4      | Bought a ration for 55 gold pieces
  3095 | D:4      | Noticed an ogre
  3101 | D:4      | Killed an ogre
  3101 | D:4      | Reached skill level 5 in Fighting
  3101 | D:4      | Reached XP level 6. HP: 50/56 MP: 5/5
  3214 | D:4      | Noticed Ijyb
  3215 | D:4      | Paralysed by Ijyb for 3 turns
  3219 | D:4      | Paralysed by Ijyb for 6 turns
  3231 | D:4      | Paralysed by Ijyb for 5 turns
  3237 | D:4      | Paralysed by Ijyb for 5 turns
  3244 | D:4      | Killed Ijyb
  3398 | D:5      | Entered Level 5 of the Dungeon
  3465 | D:5      | Noticed a sky beast
  3470 | D:5      | Killed a sky beast
  3480 | D:5      | Found a glowing silver altar of Zin.
  3757 | D:5      | Noticed an ice beast
  3762 | D:5      | Killed an ice beast
  3762 | D:5      | Reached XP level 7. HP: 48/61 MP: 6/6
  3945 | D:5      | Reached skill level 5 in Armour
  4212 | D:6      | Found a staircase to the Ecumenical Temple.
  4404 | D:6      | Reached skill level 5 in Staves
  4409 | D:6      | Reached XP level 8. HP: 70/70 MP: 7/7
  4412 | D:6      | Reached skill level 6 in Axes
  4419 | D:6      | Reached *** piety under Trog
  4791 | D:7      | Reached skill level 7 in Axes
  4857 | D:7      | Reached skill level 8 in Axes
  5072 | D:7      | Reached XP level 9. HP: 75/78 MP: 8/8
  5343 | D:7      | Reached **** piety under Trog
  5348 | D:7      | Reached skill level 5 in Dodging
  5401 | D:7      | Gained mutation: Your flesh is heat resistant. (rF+) [potion of mutation]
  5401 | D:7      | Gained mutation: You are partially covered in large bone plates. (SH +4) [potion of mutation]
  5402 | D:7      | Lost mutation: You are partially covered in large bone plates. (SH +4) [potion of mutation]
  5402 | D:7      | Lost mutation: Your flesh is heat resistant. (rF+) [potion of mutation]
  5402 | D:7      | Gained mutation: Your mind is acute. (Int +2) [potion of mutation]
  5402 | D:7      | Gained mutation: You passively map a small area around you. [potion of mutation]
  5402 | D:7      | Gained mutation: You have a pair of large horns on your head. [potion of mutation]
  5605 | D:7      | Got a smoking trident
  5606 | D:7      | Identified the +4 trident "Nuotiyci" {vamp, rC+ Dex+6} (You found it on level 7 of the Dungeon)
  5676 | D:8      | Reached skill level 9 in Axes
  5777 | D:8      | Found a blossoming altar of Fedhas.
  5787 | D:8      | Noticed a two-headed ogre
  5798 | D:8      | Killed a two-headed ogre
  5798 | D:8      | Reached skill level 10 in Axes
  5897 | D:8      | Reached XP level 10. HP: 32/88 MP: 9/9
  5908 | D:8      | Reached skill level 11 in Axes
  6139 | D:8      | Found a sacrificial altar of Ru.
  6257 | D:8      | Found an opulent altar of Gozag.
  6476 | D:8      | Found a shimmering altar of Xom.
  6576 | D:9      | Noticed a two-headed ogre
  6588 | D:9      | Killed a two-headed ogre
  6588 | D:9      | Reached ***** piety under Trog
  6684 | D:9      | Noticed Noxor's ghost (journeyman DEEE)
  6726 | D:9      | Killed Noxor's ghost
  6726 | D:9      | Reached skill level 12 in Axes
  6742 | D:9      | Noticed a two-headed ogre
  6756 | D:9      | Slain by a two-headed ogre

Skill      XL: |  1  2  3  4  5  6  7  8  9 10 |
---------------+-------------------------------+-----
Fighting       | 4 5 6 7 8 |  8.5
Axes           | 4 5 8 10 12 | 12.4
Stealth        | 1 2 |  2.4
Staves         | 2 3 4 5 |  5.1
Armour         | 3 4 6 7 9 |  9.6
Dodging        | 3 4 5 6 |  6.0

Action                   |  1- 3 |  4- 6 |  7- 9 | 10-12 || total
-------------------------+-------+-------+-------+-------++-------
Melee: Hand axe          |    53 |       |       |       ||    53
       Headbutt          |    14 |     8 |    47 |    14 ||    83
       Quarterstaff      |    16 |    54 |       |       ||    70
       War axe           |       |    33 |   194 |    78 ||   305
Invok: Berserk           |     1 |     2 |     2 |     1 ||     6
       Burn Spellbooks   |     1 |       |     1 |       ||     2
  Use: Scroll            |       |     9 |     5 |       ||    14
       Potion            |       |       |     9 |     3 ||    12
  Eat: Chunk             |     3 |     5 |     8 |     2 ||    18
       Ration            |       |     1 |     1 |     1 ||     3
Armor: Animal skin       |     8 |       |       |       ||     8
       Scale mail        |    15 |    55 |    94 |    47 ||   211
       Skin              |       |       |       |    30 ||    30
Dodge: Dodged            |    66 |    49 |   151 |    43 ||   309
